 Dungeon Crawl Stone Soup version 0.22.1-5-g62c59d919a (webtiles) character file.

2712 Beodren the Basher (level 9, -8/79 HPs)
             Began as a Minotaur Fighter on Jan 11, 2019.
             Was a Follower of the Shining One.
             Killed by divine providence
             ... invoked by an orc priest
              (16 damage)
             ... on level 7 of the Dungeon.
             The game lasted 00:16:21 (6268 turns).

Beodren the Basher (Minotaur Fighter)               Turns: 6268, Time: 00:16:22

Health: -8/79      AC:  9    Str: 23    XL:     9   Next: 39%
Magic:  17/17      EV: 11    Int:  5    God:    the Shining One [*.....]
Gold:   355        SH: 13    Dex: 11    Spells: 8/8 levels left

rFire    . . .     SeeInvis .   p - +0 whip (curse)
rCold    + . .     Gourm    .   c - +0 shield
rNeg     . . .     Faith    .   z - +3 ring mail of Brilliance {rC+ MP+9 Stlth+}
rPois    +         Spirit   .   (helmet restricted)
rElec    .         Reflect  +   (no cloak)
rCorr    +         Harm     .   (no gloves)
MR       .....                  (no boots)
Stlth    +.........             d - +2 amulet of reflection
HPRegen  0.23/turn              v - ring of poison resistance
MPRegen  0.15/turn              y - ring of resist corrosion

@: glowing, drained
A: retaliatory headbutt, horns 2
a: Renounce Religion


You were on level 7 of the Dungeon.
You worshipped the Shining One.
The Shining One was aware of your devotion.
You were not hungry.

You visited 1 branch of the dungeon, and saw 7 of its levels.

You collected 355 gold pieces.

Inventory:

Hand Weapons
 a - a +0 flail
 p - a cursed +0 whip (weapon)
Armour
 b - a +0 scale mail
 c - a +0 shield (worn)
 z - the +3 ring mail of Brilliance (worn) {rC+ MP+9 Stlth+}
   (You found it on level 5 of the Dungeon)

   It protects you from cold.
   It affects your magic capacity (+9).
   It makes you more stealthy.
Jewellery
 d - a +2 amulet of reflection (around neck)
 v - a ring of poison resistance (left hand)
 y - a ring of resist corrosion (right hand)
 E - a cursed ring of attention {unknown}
Wands
 r - a wand of clouds (8)
 B - a wand of iceblast (10)
 D - a wand of flame (18)
Scrolls
 e - a scroll of fear {unknown}
 h - 8 scrolls of teleportation
 i - 2 scrolls of identify
 l - 2 scrolls of immolation {unknown}
 n - 3 scrolls of enchant weapon {unknown}
 o - 5 scrolls of remove curse {unknown}
 q - a scroll of enchant armour {unknown}
 t - 3 scrolls of blinking {unknown}
 x - 2 scrolls of fog {unknown}
Potions
 g - a potion of haste
 j - 2 potions of curing
 k - 3 potions of mutation
 m - 2 potions of flight
 s - 4 potions of brilliance
 u - 4 potions of degeneration {unknown}
 w - a potion of lignification {unknown}
 A - 2 potions of heal wounds
 C - a potion of ambrosia {unknown}
Comestibles
 f - 10 rations


   Skills:
 + Level 7.1(7.0) Fighting
 * Level 9.1(9.0) Maces & Flails
 + Level 8.5(8.4) Armour
 - Level 4.0(3.9) Dodging
 - Level 0.2(0.1) Stealth
 * Level 7.6(7.5) Shields


You had 8 spell levels left.
You didn't know any spells.
Your spell library contained the following spells:

 Spells                   Type           Power        Failure   Level  Hunger
 Sting                    Conj/Pois      #...         91%         1    ##.....
 Poisonous Vapours        Pois/Air       #.....       97%         2    ###....
 Mephitic Cloud           Conj/Pois/Air  #.......     99%         3    ####...
 Olgreb's Toxic Radiance  Pois           #.......     100%        4    #####..
 Venom Bolt               Conj/Pois      #.........   100%        5    ######.


Dungeon Overview and Level Annotations

Branches:
Dungeon (7/15)             Temple (0/1) D:6

Altars:
Kikubaaqudgha
Nemelex Xobeh
Wu Jian
The Shining One


Innate Abilities, Weirdness & Mutations

You reflexively headbutt those who attack you in melee.
You have a pair of horns on your head.


Message History

The orc priest begins to cast a cantrip, but forgets the words!
You hit the orc warrior but do no damage.
You headbutt the orc warrior, but do no damage.
The orc warrior is almost dead.
The orc warrior hits you with a morningstar of draining.
* * * LOW HITPOINT WARNING * * *
You feel drained.
* * * LOW HITPOINT WARNING * * *
The orc priest miscasts a cantrip.
You block the orc priest's attack.
You whack the orc warrior!
You kill the orc warrior!
Your Maces & Flails skill increases to level 9!
You block the orc's attack.
The orc priest invokes the aid of Beogh against you.
Beogh smites you!
* * * LOW HITPOINT WARNING * * *
The orc priest mumbles some strange prayers to Beogh against you.
Beogh smites you!
You die...

#.............
#............. ####
##.....?....... ....
...............
..########......o.......
#...#......##...........
###....# ##.ooo.#.###
.####..#######.o)#.# ###.
......>........#@#.#.....
..####.......###.....#
.###########....#.#..####
........(# ####..........
########..# ##.......#.
.# #..# #.##..#.# .# #...
..# #.# .. .# ##.##.## .#
. ## ... #


You could see 3 orc priests, an orc wizard and an orc.

Vanquished Creatures
  Sigmund (D:6)
  A hungry ghost (D:7)
  Duvessa (D:6)
  A black bear (D:6)
  An orc warrior (D:7)
  4 sky beasts
  2 ice beasts (D:5)
  A phantom (D:4)
  2 ogres
  4 bullfrogs
  Dowan (D:6)
  2 scorpions
  9 wights
  A crimson imp (D:6)
  A centaur zombie (D:3)
  An orc priest (D:4)
  2 hounds
  2 orc wizards (D:4)
  Terence (D:3)
  An iguana (D:4)
  2 worker ants
  A hound zombie (D:5)
  Robin (D:3)
  A howler monkey skeleton (D:5)
  3 adders
  A shadow imp (D:6)
  2 oozes
  An adder zombie (D:5)
  2 worms
  2 dart slugs
  5 leopard geckos
  13 orcs
  7 giant cockroaches
  26 goblins
  14 hobgoblins
  11 jackals
  6 kobolds
  2 quokkas
  A ball python (D:4)
  3 bats
  6 frilled lizards
  A jackal zombie (D:5)
  A leopard gecko skeleton (D:6)
  A quokka skeleton (D:4)
  A quokka zombie (D:5)
  11 rats
164 creatures vanquished.

Notes
Turn   | Place    | Note
-------+----------+-------------------------------------------
     0 | D:1      | Beodren the Minotaur Fighter began the quest for the Orb.
     0 | D:1      | Reached XP level 1. HP: 19/19 MP: 0/0
   131 | D:1      | Reached XP level 2. HP: 25/27 MP: 1/1
   830 | D:2      | Reached XP level 3. HP: 33/33 MP: 2/2
  1245 | D:3      | Noticed Terence
  1258 | D:3      | Killed Terence
  1258 | D:3      | Reached XP level 4. HP: 27/41 MP: 3/3
  1298 | D:3      | Reached skill level 5 in Fighting
  1298 | D:3      | Reached skill level 3 in Maces & Flails
  1327 | D:3      | Found a faded altar of an unknown god.
  1535 | D:3      | Noticed Robin
  1556 | D:3      | Killed Robin
  1556 | D:3      | Reached XP level 5. HP: 37/48 MP: 4/4
  1637 | D:3      | Reached skill level 1 in Dodging
  1867 | D:3      | Reached skill level 5 in Armour
  2245 | D:4      | Reached XP level 6. HP: 4/56 MP: 5/5
  2552 | D:4      | Found an ornate altar of the Wu Jian Council.
  2603 | D:4      | Reached skill level 4 in Maces & Flails
  2608 | D:4      | HP: 2/57 [something/puff of flame (3)]
  3547 | D:4      | Reached skill level 5 in Shields
  3547 | D:4      | Reached XP level 7. HP: 50/63 MP: 6/6
  3904 | D:5      | Entered Level 5 of the Dungeon
  3951 | D:5      | Got a faintly glowing ring mail
  3962 | D:5      | Identified the +3 ring mail of Brilliance {rC+ MP+9 Stlth+}
                  | (You found it on level 5 of the Dungeon)
  4117 | D:5      | Found a sparkling altar of Nemelex Xobeh.
  4245 | D:5      | Reached skill level 5 in Maces & Flails
  4325 | D:5      | Reached XP level 8. HP: 71/71 MP: 7/7
  4457 | D:5      | Found a glowing golden altar of the Shining One.
  4477 | D:5      | Became a worshipper of the Shining One
  4679 | D:5      | Found an ancient bone altar of Kikubaaqudgha.
  4954 | D:6      | Noticed Duvessa
  4954 | D:6      | Noticed Dowan
  5003 | D:6      | Found a staircase to the Ecumenical Temple.
  5005 | D:6      | Noticed Sigmund
  5013 | D:6      | Killed Sigmund
  5013 | D:6      | Reached skill level 6 in Maces & Flails
  5051 | D:6      | Killed Duvessa
  5054 | D:6      | Killed Dowan
  5064 | D:6      | Reached skill level 7 in Maces & Flails
  5612 | D:6      | Reached XP level 9. HP: 64/78 MP: 8/8
  5734 | D:6      | Reached skill level 8 in Maces & Flails
  5783 | D:6      | Reached * piety under the Shining One
  6268 | D:7      | Reached skill level 9 in Maces & Flails
  6268 | D:7      | Killed from afar by an orc priest

Skill      XL: |  1  2  3  4  5  6  7  8  9 |
---------------+----------------------------+-----
Armour         | 4 5 6 7 8 |  8.5
Fighting       | 4 5 6 7 |  7.1
Maces & Flails | 3 4 5 7 9 |  9.1
Shields        | 4 5 6 7 |  7.6
Dodging        | 1 2 3 4 |  4.0
Stealth        | |  0.2

Action                   |  1- 3 |  4- 6 |  7- 9 || total
-------------------------+-------+-------+-------++-------
Melee: Flail             |    85 |    52 |       ||   137
       Headbutt          |    16 |    50 |    82 ||   148
       Whip              |       |   143 |   348 ||   491
  Use: Scroll            |       |     7 |       ||     7
       Potion            |       |     2 |     2 ||     4
 Stab: Distracted        |       |       |     1 ||     1
  Eat: Chunk             |     1 |     3 |     3 ||     7
       Ration            |       |     2 |     2 ||     4
Armor: Scale mail        |    30 |    63 |       ||    93
       Ring mail         |       |       |    87 ||    87
Dodge: Dodged            |    21 |    50 |   105 ||   176
Block: Shield            |    31 |    91 |   154 ||   276
       Reflection        |       |       |     1 ||     1
